 Dungeon Crawl Stone Soup version 0.19.4-8-ga85b6b9 (webtiles) character file.

355 Jerry the Shield-Bearer (level 6, 3/49 HPs)
             Began as a Formicid Fighter on Feb 9, 2017.
             Quit the game on level 3 of the Dungeon.
             The game lasted 00:07:19 (2612 turns).

Jerry the Shield-Bearer (Formicid Fighter)          Turns: 2612, Time: 00:07:20

Health: 3/49       AC:  7    Str: 21    XL:     6   Next: 95%
Magic:  6/6        EV:  8    Int:  9    God:
Gold:   98         SH: 10    Dex: 10    Spells: 0 memorised, 5 levels left

rFire  . . .     SeeInvis +     g - +4 hand axe
rCold  . . .     Gourm    .     b - +0 scale mail
rNeg   . . .     Faith    .     c - +0 shield
rPois  .         Spirit   .     (helmet unavailable)
rElec  .         Reflect  .     (no cloak)
rCorr  .         Harm     .     (no gloves)
MR     .....                    (no boots)
Stlth  ..........               (no amulet)
                                (no ring)
                                (no ring)

@: lethally poisoned (3 -> -1)
A: permanent stasis, dig shafts and tunnels, four strong arms, antennae 3
a: Dig, Shaft Self


You were on level 3 of the Dungeon.
You were not hungry.

You visited 1 branch of the dungeon, and saw 4 of its levels.

You collected 98 gold pieces.

Inventory:

Hand Weapons
 a - a +0 war axe
 g - a +4 hand axe (weapon)
Armour
 b - a +0 scale mail (worn)
 c - a +0 shield (worn)
 u - a -2 pair of gloves
Wands
 n - a wand of flame (9/48)
Scrolls
 e - 3 scrolls of identify
 k - a scroll of teleportation {unknown}
 o - a scroll of remove curse
 p - 2 scrolls of noise {unknown}
 r - a scroll of enchant weapon {unknown}
 s - 3 scrolls of magic mapping {unknown}
Potions
 j - 4 potions of flight
 q - a potion of invisibility
 t - a potion of magic
Comestibles
 d - 8 chunks of flesh
 f - 3 bread rations
 h - 3 meat rations
 l - 2 fruits
 m - a slice of pizza


   Skills:
 + Level 4.5 Fighting
 * Level 4.4 Axes
 + Level 4.4 Armour
 + Level 5.2 Shields


You had 5 spell levels left.
You didn't know any spells.

Dungeon Overview and Level Annotations

Branches:
Dungeon (4/15)
 Temple: D:4-7

Altars:
Qazlal


Innate Abilities, Weirdness & Mutations

You are under a permanent stasis effect.
You can dig through walls and to a lower floor.
Your four strong arms can wield two-handed weapons with a shield.
You have a pair of large antennae on your head. (SInv)


Message History

You start resting.
You feel sick.
You feel sick.
You feel sick.
You feel sick.
Your transformation is almost over.
You feel sick.
You feel sick.
You feel sick.
You feel sick.
You feel sick.
You feel sick.
You feel sick.
You feel sick.
You feel sick.
You feel less woody.
Your +0 scale mail unmelds from your body.
* * * LOW HITPOINT WARNING * * *
You feel sick.
Okay, then.
Are you sure you want to abandon this character and quit the game? (Confirm with "yes".)

######### #.......#
#...###.### #...#§...§#
#...#.....### #######
###......_....# .......
.#....#.....#.###).....$
.#....#§...§#...@.......
.#....###.###...(..#####
.#.##.# #.....((...#
.#.##.# ##....(....#
.#.##.# #.........#
##.##.# #.........#
...##.# #.........#
#####.# #....#.####
.##...######..#.#


There were no monsters in sight!

Vanquished Creatures
  Sigmund (D:4)
  The ghost of Elizilla the Ruffian, a weakling TrMo (D:3)
  A howler monkey skeleton (D:4)
  4 gnolls
  3 adders
  A worm (D:3)
  2 dart slugs (D:1)
  2 leopard geckos
  8 orcs
  A giant cockroach (D:4)
  12 goblins
  6 hobgoblins
  7 jackals
  8 bats
  2 kobolds
  A quokka skeleton (D:4)
  8 rats
68 creatures vanquished.

Notes
Turn   | Place    | Note
-------+----------+-------------------------------------------
     0 | D:1      | Jerry the Formicid Fighter began the quest for the Orb.
     0 | D:1      | Reached XP level 1. HP: 18/18 MP: 1/1
   155 | D:1      | Reached XP level 2. HP: 22/24 MP: 2/2
   249 | D:1      | Reached skill level 4 in Shields
   249 | D:1      | Reached XP level 3. HP: 20/29 MP: 3/3
  1180 | D:2      | Reached XP level 4. HP: 35/37 MP: 4/4
  1374 | D:2      | You fall through a shaft for 2 floors!
  1497 | D:4      | Noticed Sigmund
  1508 | D:4      | Killed Sigmund
  1508 | D:4      | Reached XP level 5. HP: 35/43 MP: 5/5
  1508 | D:4      | Reached XP level 6. HP: 40/49 MP: 6/6
  1665 | D:4      | Reached skill level 5 in Shields
  2177 | D:3      | Noticed Elizilla's ghost (weakling TrMo)
  2197 | D:3      | Killed Elizilla's ghost
  2564 | D:3      | Found a stormy altar of Qazlal.
  2612 | D:3      | Quit the game

Skill      XL: |  1  2  3  4  5  6 |
---------------+-------------------+-----
Shields        | 4 5 |  5.2
Fighting       | 4 |  4.5
Axes           | 3 4 |  4.4
Armour         | 4 |  4.4

Action                   |  1- 3 |  4- 6 || total
-------------------------+-------+-------++-------
Melee: War axe           |    91 |    20 ||   111
       Hand axe          |       |   107 ||   107
  Use: Potion            |       |     2 ||     2
       Scroll            |       |     7 ||     7
  Eat: Chunk             |     1 |     5 ||     6
Armor: Scale mail        |    34 |    43 ||    77
Dodge: Dodged            |    23 |    37 ||    60
Block: Shield            |    43 |    73 ||   116
